 Dungeon Crawl Stone Soup version 0.17-a0-1176-g3d5a0d0 (webtiles) character file.

367 DCT the Chopper (level 6, -9/52 HPs)
             Began as a Minotaur Gladiator on May 30, 2015.
             Was an Initiate of Makhleb.
             Killed by divine providence
             ... invoked by an orc priest
              (14 damage)
             ... on level 4 of the Dungeon.
             The game lasted 00:10:26 (2775 turns).

DCT the Chopper (Minotaur Gladiator)                Turns: 2775, Time: 00:10:26

Health: -9/52      AC: 11    Str: 21    XL:     6   Next: 41%
Magic:  5/5        EV:  9    Int:  5    God:    Makhleb [......]
Gold:   158        SH:  0    Dex: 11    Spells: 0 memorised, 5 levels left

rFire  . . .     SeeInvis .     a - +0 war axe
rCold  . . .     Clarity  .     u - +0 chain mail
rNeg   . . .     SustAt   +     (no shield)
rPois  .         Gourm    .     c - +0 hat
rElec  .         Spirit   .     (no cloak)
rCorr  .         Warding  .     w - +0 pair of gloves (curse)
rMut   .         Stasis   .     n - +0 pair of boots
MR     .....                    (no amulet)
Stlth  ..........               s - ring of loudness (curse)
                                k - ring of sustain attributes

@: not resistant to hostile enchantments, extremely unstealthy
A: retaliatory headbutt, horns 2
a: Renounce Religion


You were on level 4 of the Dungeon.
You worshipped Makhleb.
Makhleb was noncommittal.
You were not hungry.

You visited 1 branch of the dungeon, and saw 4 of its levels.

You collected 158 gold pieces.

Inventory:

Hand weapons
 a - a +0 war axe (weapon)
Missiles
 d - 4 throwing nets (quivered)
 r - 2 javelins
Armour
 b - a +0 leather armour
 c - a +0 hat (worn)
 j - a +0 scale mail
 n - a +0 pair of boots (worn)
 u - a +0 chain mail (worn)
 w - a cursed +0 pair of gloves (worn)
Jewellery
 k - a ring of sustain attributes (left hand)
 s - a cursed ring of loudness (right hand)
 v - an uncursed amulet of stasis
 x - an uncursed amulet of stasis
Scrolls
 h - 5 scrolls of identify {unknown}
 i - a scroll of recharging {unknown}
 p - 2 scrolls of enchant weapon {unknown}
 q - 2 scrolls of blinking {unknown}
 t - a scroll of teleportation {unknown}
Potions
 f - a potion of heal wounds {unknown}
 g - 2 potions of curing {unknown}
 m - 3 potions of haste {unknown}
Comestibles
 e - 2 bread rations
 l - 3 meat rations
 o - 3 fruits


   Skills:
 + Level 4.0 Fighting
 * Level 6.0 Axes
 + Level 2.2 Throwing
 + Level 3.1 Armour
 + Level 4.6 Dodging
 + Level 0.6 Stealth


You had 5 spell levels left.
You didn't know any spells.

Dungeon Overview and Level Annotations

Branches:
Dungeon (4/15)
 Temple: D:4-7

Altars:
Cheibriados
Fedhas
Makhleb
The Shining One


Innate Abilities, Weirdness & Mutations

You reflexively headbutt those who attack you in melee.
You have a pair of horns on your head.


Message History

The orc hits you but does no damage.
You hit the orc.
The orc is severely wounded.
The orc priest mumbles some strange prayers to Beogh.
You feel troubled. The orc hits you but does no damage.
The orc priest calls upon Beogh to heal the orc.
The orc is healed somewhat.
You hit the orc.
The orc is moderately wounded.
The orc barely misses you. You furiously retaliate!
You headbutt the orc, but do no damage. You barely miss the orc.
The orc is moderately wounded.
The orc priest invokes the aid of Beogh against you.
Something smites you!
* * * LOW HITPOINT WARNING * * *
The orc barely misses you.
The orc priest mumbles some strange prayers to Beogh against you.
Something smites you!
You die...

.......#
####.##.#..##
.......# #...
#.#.... .......#
######.#####.#.###
.......#
#.(.†.............
.......#
#.####.#.....#.###
.......#
#.#..........#.# #
########
#.#.#.##.###.#.# #
#.#.#.##.# #.#.# #
# #@#.#.##.# #.#.#
# # #o#.#....#
#.#.### #
#o#<###..# #.#....
# #o#. #..#
#.#.... # #o#.
#..# .#.##. # .r.
#... # #. # .^.
#...# #. # ...
#...# #. # #...#
##.


You could see 3 orc priests, an orc and a quokka.

Vanquished Creatures
  An iguana (D:4)
  3 orc priests
  3 worker ants (D:4)
  2 orc wizards
  5 adders
  2 oozes (D:1)
  2 worms
  A giant gecko (D:2)
  8 orcs
  3 bats
  6 giant cockroaches
  8 goblins
  6 hobgoblins
  2 jackals (D:4)
  2 quokkas (D:3)
  4 giant newts
  8 kobolds
  12 rats
  3 toadstools (D:1)
81 creatures vanquished.

Vanquished Creatures (others)
  A toadstool (D:1)
1 creature vanquished.

Grand Total: 82 creatures vanquished

Notes
Turn   | Place    | Note
--------------------------------------------------------------
     0 | D:1      | DCT the Minotaur Gladiator began the quest for the Orb.
     0 | D:1      | Reached XP level 1. HP: 18/18 MP: 0/0
    29 | D:1      | Reached skill level 4 in Axes
    54 | D:1      | Reached XP level 2. HP: 25/25 MP: 1/1
   476 | D:2      | Reached XP level 3. HP: 19/30 MP: 2/2
  1101 | D:2      | Reached skill level 1 in Armour
  1660 | D:3      | Reached XP level 4. HP: 20/38 MP: 3/3
  1676 | D:3      | Reached skill level 5 in Axes
  1680 | D:3      | Reached XP level 5. HP: 16/45 MP: 4/4
  2014 | D:3      | You fall through a shaft!
  2119 | D:4      | Found a blossoming altar of Fedhas.
  2121 | D:4      | Found a burning altar of Makhleb.
  2127 | D:4      | Found a glowing golden altar of the Shining One.
  2127 | D:4      | Found a snail-covered altar of Cheibriados.
  2230 | D:4      | Became a worshipper of Makhleb the Destroyer
  2374 | D:4      | Reached XP level 6. HP: 44/51 MP: 5/5
  2761 | D:4      | Reached skill level 6 in Axes
  2775 | D:4      | Killed from afar by an orc priest

Vault maps used:
D:1:      ldierk_water_garden, interstate_on_off
D:2:      first_bread, minmay_surrounded
D:3:      uniq_jessica
D:4:      grunt_temple_overflow_open

Action                   |  1- 3 |  4- 6 || total
-------------------------+-------+-------++-------
Melee: War axe           |    90 |   118 ||   208
  Eat: Fruit             |     1 |       ||     1
       Chunk             |     1 |       ||     1
       Bread ration      |       |     1 ||     1
